 Dungeon Crawl Stone Soup version 0.30-a0-930-gb9d0489357 (webtiles) character file.

Game seed: 736939283731843118

68206 Sobieck the Brawler (level 14, -1/146 HPs)
             Began as a Troll Fighter on Mar 22, 2023.
             Was a High Priest of Wu Jian.
             Succumbed to Saint Roka's poison
             ... on level 2 of the Orcish Mines on Mar 23, 2023.
             The game lasted 00:48:36 (18198 turns).

Sobieck the Brawler (Troll Fighter)                Turns: 18198, Time: 00:48:37

Health: -1/146     AC:  7    Str: 35    XL:     14   Next: 85%
Magic:  13/13      EV: 24    Int:  4    God:    Wu Jian [*****.]
Gold:   2265       SH: 18    Dex: 15    Spells: 13/13 levels left

rFire   . . .      SeeInvis .      - Unarmed
rCold   . . .      Faith    .    h - +1 kite shield
rNeg    . . .      Spirit   .    a - +0 troll leather armour
rPois   .          Reflect  +    F - +0 hat of Vijiss {Str+4}
rElec   .          Rampage  .    r - +0 cloak
rCorr   .                        (gloves unavailable)
Will    +....                    (boots unavailable)
Stlth   +                        e - amulet of reflection
HPRegen 2.04/turn                J - +6 ring of dexterity
MPRegen 0.13/turn                q - +5 ring of evasion

@: lethally poisoned (-1 -> -12), exhausted, in a heavenly storm, glowing
A: large, unfitting armour, claws 3, regeneration 1, shaggy fur 1, tough skin 1
a: Renounce Religion, Wall Jump, Serpent's Lash, Heavenly Storm


You were on level 2 of the Orcish Mines.
You worshipped Wu Jian.
Wu Jian was extremely pleased with you.
You visited 4 branches of the dungeon, and saw 23 of its levels.
You also visited: Ossuary.

You collected 2903 gold pieces.
You spent 638 gold pieces at shops.


Innate Abilities, Weirdness & Mutations

You are too large for most types of armour.
You have claws for hands.
Your natural rate of healing is unusually fast.
You are covered in fur. (AC +1)
You have tough skin. (AC +1)


   Skills:
 + Level 11.4 Fighting
 - Level 2.0 Throwing
 - Level 3.0 Armour
 - Level 4.0 Dodging
 + Level 12.5 Shields
 * Level 18.3 Unarmed Combat
 - Level 2.0 Evocations


You had 13 spell levels left.
You didn't know any spells.
Your spell library contained the following spells:

 Spells                   Type           Power      Damage    Failure   Level
 Apportation              Tloc           0%         N/A       71%         1
 Freeze                   Ice            0%         1d3       71%         1
 Necrotise                Necr           0%         1d4       71%         1
 Slow                     Hex            0%         N/A       71%         1
 Summon Small Mammal      Summ           0%         N/A       71%         1
 Blink                    Tloc           0%         N/A       85%         2
 Lesser Beckoning         Tloc           0%         N/A       85%         2
 Call Canine Familiar     Summ           0%         N/A       97%         3
 Confusing Touch          Hex            0%         N/A       97%         3
 Dazzling Flash           Conj/Hex       0%         N/A       97%         3
 Frozen Ramparts          Ice            0%         1d1       97%         3
 Gell's Gravitas          Tloc           0%         N/A       97%         3
 Hailstorm                Conj/Ice       0%         3d3       97%         3
 Kindle Blastsparks       Fire/Tloc/Air  0%         2d10      97%         3
 Ozocubu's Armour         Ice            0%         N/A       97%         3
 Portal Projectile        Hex/Tloc       0%         N/A       97%         3
 Teleport Other           Tloc           0%         N/A       97%         3
 Vampiric Draining        Necr           0%         2d6       97%         3
 Airstrike                Air            0%         2d(0-16)  100%        4
 Fulminant Prism          Conj/Hex       0%         3d5       100%        4
 Iskenderun's Mystic Bla  Conj/Tloc      0%         2d3       100%        4
 Leda's Liquefaction      Hex/Erth       0%         N/A       100%        4
 Manifold Assault         Tloc           0%         N/A       100%        4
 Summon Ice Beast         Ice/Summ       0%         N/A       100%        4
 Summon Lightning Spire   Summ/Air       0%         N/A       100%        4
 Agony                    Necr           0%         N/A       100%        5
 Alistair's Intoxication  Tmut/Pois      0%         N/A       100%        5
 Freezing Cloud           Conj/Ice/Air   0%         6-21      100%        5
 Lee's Rapid Deconstruct  Erth           0%         3d4*      100%        5
 Plasma Beam              Fire/Air       0%         2x1d11    100%        5
 Silence                  Hex/Air        0%         N/A       100%        5
 Simulacrum               Ice/Necr       0%         N/A       100%        6
 Ozocubu's Refrigeration  Ice            0%         4d7       100%        7
 Storm Form               Tmut/Air       0%         N/A       100%        7
 Polar Vortex             Ice            0%         N/A       100%        9

Inventory:

Hand Weapons
 b - a +9 sling of freezing
   (You took it off Joseph on level 7 of the Dungeon)
Missiles
 d - 25 boomerangs {throwing}
 i - 3 datura-tipped darts {throwing}
 m - 3 throwing nets {=f!fthrowing}
 o - 8 curare-tipped darts {=fthrowing}
 B - 20 poisoned darts {throwing}
 C - a silver javelin {throwing}
 I - 7 atropa-tipped darts {throwing}
 N - a silver boomerang {throwing}
 O - 2 boomerangs of dispersal {=f!fthrowing}
 W - 23 large rocks {=fthrowing}
Armour
 a - a +0 troll leather armour (worn)
   (You found it on level 10 of the Dungeon)
 h - a +1 kite shield (worn)
 r - a +0 cloak (worn)
   (You found it on level 12 of the Dungeon)
 E - a scarf of resistance
   (You found it on level 1 of the Lair of Beasts)
 F - the +0 hat of Vijiss (worn) {Str+4}
   (You acquired it in an ossuary)

   Str:       It affects your strength (+4).
Jewellery
 e - an amulet of reflection (around neck)
   (You found it on level 4 of the Dungeon)
 l - a ring of positive energy
   (You found it on level 11 of the Dungeon)
 q - a +5 ring of evasion (right claw)
   (You found it on level 10 of the Dungeon)
 t - a ring of resist corrosion
   (You found it on level 8 of the Dungeon)
 A - an amulet of the acrobat
   (You found it on level 3 of the Dungeon)
 J - a +6 ring of dexterity (left claw)
   (You found it on level 2 of the Lair of Beasts)
 K - a ring of protection from cold
   (You found it on level 5 of the Dungeon)
Wands
 x - a wand of flame (28)
   (You found it on level 7 of the Dungeon)
 H - a wand of roots (4)
   (You found it on level 1 of the Lair of Beasts)
 S - a wand of charming (4)
   (You found it on level 14 of the Dungeon)
 Z - a wand of quicksilver (5)
   (You found it on level 1 of the Lair of Beasts)
Scrolls
 f - 4 scrolls of blinking {!r}
 j - a scroll of fog
 n - 4 scrolls of poison {!r}
 s - 9 scrolls of teleportation {@r4}
 u - 2 scrolls of identify {@r1}
 w - 2 scrolls of immolation {!r!r}
 z - 3 scrolls of noise {!r}
 L - a scroll of summoning
 P - a scroll of vulnerability {!r!r}
 X - 5 scrolls of enchant armour
 Y - a scroll of brand weapon
Potions
 c - 4 potions of might
 g - 2 potions of heal wounds {@q2}
 k - 6 potions of haste {@q3}
 p - 11 potions of mutation {!q}
 v - 2 potions of resistance
 y - 2 potions of attraction {!q}
 D - 13 potions of curing {@q1}
 G - a potion of berserk rage {!q}
 M - 5 potions of brilliance
 Q - 5 potions of flight
 R - 4 potions of lignification {!q}
 T - 2 potions of cancellation
 U - 3 potions of ambrosia
 V - 2 potions of invisibility

Dungeon Overview and Level Annotations

Branches:
Dungeon (15/15) Zot: 25810  Temple (1/1) D:4 Zot: 5863    Lair (5/5) D:11 Zot: 25982
 Shoals (0/4) Lair:2       Spider (0/4) Lair:2          Orc (2/2) D:10 Zot: 11147
 Vaults (0/5) D:13         Depths (0/4) D:15        Ossuary (visited)
  Slime: Lair:4-5       Elf: Orc:2

Altars:
Ashenzari
Cheibriados
Dithmenos
Elyvilon
Fedhas
Gozag
Hepliaklqana
Kikubaaqudgha
Makhleb
Nemelex Xobeh
Okawaru
Qazlal
Ru
Sif Muna
Trog
Uskayaw
Vehumet
Wu Jian
Xom
Yredelemnul
Zin
The Shining One
Jiyva

Shops:
D:6 !   D:10 (   Orc:1 (

Annotations:
D:6 exclusion: door
Lair:5 exclusion: 3 oklob plants
Orc:2 3 runed translucent doors, BigDaddyOpFi's ghost, journeyman AtFi; Saint Roka ###. .. #... ... .. .... ###... ... ..o #.#... ..... #oo

§§..##
.....###o###☼§...#
......#.#☼o@§§..##
...........##§§§§...#
...........#§o§#☼.....
...........☼☼§## .....
.......##..§☼☼☼# #...
......##......### ..
......#.........# #
#........##...###
#........#.#....#


You could see Saint Roka and an orc warrior (strong).


Message History

Saint Roka roars a battlecry!
The orc warriors go into a battle-frenzy!
You spin and attack the warg.
You scratch the warg. You block the warg's attack.
Things that are here:
a +0 dagger {short}; a +0 robe; an orc corpse Unknown command.
You mangle the warg!!
You kill the warg!
The Council accepts your kill.
You hear a shout!
Unknown command.
You mangle the orc warrior!!
You kill the orc warrior!
The Council accepts your kill.
Saint Roka unwields a +3 battleaxe of venom.
It stops dripping with poison.
Saint Roka wields a +0 arbalest.
Saint Roka shoots a bolt.
You reflect the bolt off an invisible shield around you!
The bolt hits Saint Roka!
Okay, then.
An orc comes into view. It is wielding a +0 whip.
The orc shouts!
The orc moves out of view.
An orc warrior comes into view. It is wielding a +0 glaive.
The orc warrior moves out of view.
Unknown command.
Danger!
Your muscles tense, ready for explosive movement...
You lunge with incredible momentum at Saint Roka.
You mangle Saint Roka!!
You spin and attack Saint Roka, with incredible momentum.
You scratch Saint Roka but do no damage.
Your supernatural speed expires.
The air is filled with shimmering golden clouds!
Sifu Hu Sanniang says: The storm will not cease as long as you keep fighting, disciple!
You hear a shout!
Saint Roka invokes the aid of Beogh against you.
Beogh smites you!
You spin and attack Saint Roka repeatedly.
You mangle Saint Roka!! You claw Saint Roka!
Saint Roka unwields a +0 arbalest.
Saint Roka wields a +3 battleaxe of venom.
It begins to drip with poison!
Saint Roka hits you with a +3 battleaxe of venom!
You spin and attack Saint Roka.
You mangle Saint Roka!!
The orc warrior unwields a +0 arbalest.
The orc warrior wields a +0 mace.
You block the orc warrior's attack.
Saint Roka hits you with a +3 battleaxe of venom!!!
You are poisoned.
Things that are here:
a +0 dagger {short}; a +0 robe; an orc corpse You spin and attack Saint Roka repeatedly.
You scratch Saint Roka. You claw Saint Roka!
You feel extremely sick.
Saint Roka hits you with a +3 battleaxe of venom!
* * * LOW HITPOINT WARNING * * *
You are more poisoned.
You spin and attack Saint Roka repeatedly.
You eviscerate Saint Roka!!! You claw Saint Roka!
You feel extremely sick.
Saint Roka hits you with a +3 battleaxe of venom!
* * * LOW HITPOINT WARNING * * *
You are lethally poisoned!
You eviscerate the orc warrior!!!
You kill the orc warrior!
The Council accepts your kill.
* * * LOW HITPOINT WARNING * * *
You feel extremely sick. You block Saint Roka's attack.
Unknown command.
You spin and attack Saint Roka repeatedly.
You scratch Saint Roka but do no damage.
You scratch Saint Roka.
* * * LOW HITPOINT WARNING * * *
You feel extremely sick. You block the orc warrior's attack.
Saint Roka says, "In the orcish mines, orcs kill the likes of YOU!"
Unknown command.
You eviscerate the orc!!!
You kill the orc!
The Council accepts your kill.
* * * LOW HITPOINT WARNING * * *
You feel extremely sick.
The orc warrior no longer looks unusually strong.
You block the orc warrior's attack.
Saint Roka roars a battlecry!
The orc warrior goes into a battle-frenzy!
Unknown command.
An orc warrior comes into view. It is wielding a +0 trident.
You lunge at the orc warrior.
You claw the orc warrior!
You spin and attack Saint Roka.
You scratch Saint Roka but do no damage.
* * * LOW HITPOINT WARNING * * *
You feel extremely sick. The orc warrior misses you.
Saint Roka closely misses you.
Unknown command.
Okay, then.
You spin and attack the orc warrior repeatedly.
You scratch the orc warrior. x2
You die...

Skill      XL: |  1  2  3  4  5  6  7  8  9 10 11 12 13 14 |
---------------+-------------------------------------------+-----
Shields        | 3 4 5 8 9 10 11 12 | 12.5
Unarmed Combat | 3 4 5 7 8 11 12 13 15 16 18 | 18.3
Fighting       | 3 4 5 7 8 9 10 11 | 11.4
Throwing       | 1 2 |  2.0
Armour         | 2 3 |  3.0
Evocations     | 1 2 |  2.0
Dodging        | 3 4 |  4.0

Action                     |  1- 3 |  4- 6 |  7- 9 | 10-12 | 13-15 || total
---------------------------+-------+-------+-------+-------+-------++-------
  Melee: Unarmed           |   106 |    94 |   143 |   560 |   606 ||  1509
   Fire: Sling             |       |       |       |    95 |     3 ||    98
  Throw: Stone             |     2 |     9 |     3 |       |       ||    14
 Invoke: Serpent's Lash    |       |       |       |     1 |     4 ||     5
         Heavenly Storm    |       |       |       |       |     1 ||     1
Ability: Lunge             |       |    11 |    11 |    53 |    44 ||   119
         Whirlwind         |       |       |    15 |   104 |   128 ||   247
         Wall Jump         |       |       |       |    19 |    33 ||    52
    Use: Scroll            |     4 |       |     5 |    14 |     6 ||    29
         Potion            |       |       |     3 |       |     6 ||     9
   Stab: Distracted        |       |     1 |       |       |       ||     1
 Armour: Robe              |    34 |    12 |     6 |       |       ||    52
         Acid dragon scale |       |       |     7 |    31 |       ||    38
         Troll leather arm |       |       |       |    66 |    50 ||   116
  Dodge: Dodged            |    34 |    19 |    30 |   191 |   131 ||   405
  Block: Kite shield       |    30 |    49 |    86 |   405 |   337 ||   907
         Reflection        |       |     1 |     2 |    54 |    22 ||    79

Levels and vault maps discovered:
D:1:      ncdulo_watergridlock, layout_basic
D:2:      layout_rooms, kennysheep_flooded_box
D:3:      layout_rooms, grunt_gozag_statues, minmay_misc_feat_chi, st_stairs_3
D:4:      layout_loops_corners, okawaru_altar_gauntlet_db,
          minmay_temple_entry_ruins
D:5:      layout_basic, nicolae_qazlal_style_of_elements, serial_bayou_lagoon_a
D:6:      layout_basic, led_sif_book, nicolae_hepliaklqana_hazy_memory,
          enter_ossuary_1, serial_shops, shop, minmay_misc_feat_tower,
          chequers_serial_rivers_room_a, minmay_misc_feat_tiny, uniq_maggie
D:7:      layout_loops_cross, minitemple, kennysheep_path_1, uniq_joseph,
          uniq_menkaure, uniq_duvessa
D:8:      layout_layer_cave
D:9:      layout_basic, mainiacjoe_overflow_six_doors_small,
          lemuel_doored_altar, grunt_decor_fettered, uniq_grum, uniq_erolcha
D:10:     layout_rooms, nicolae_dithmenos_shadow_blocks,
          kennysheep_orc_monster_closet_entryway, serial_shops, shop
D:11:     layout_irregular_city, david_lair_generic
D:12:     layout_cross, uniq_lodul
D:13:     layout_rooms, hangedman_vaults_entry_quadrant_bands,
          nicolae_kite_square_tiling_tiny
D:14:     layout_basic, minmay_misc_feat_alley, kennysheep_crisscross,
          uniq_frances
D:15:     grunt_enter_depths_magical_seal, layout_rooms, nicolae_titane,
          nrook_uturn
Temple:   chequers_temple_sunken
Lair:1:   layout_gridlike
Lair:2:   layout_hall_layers, minmay_shoals_entry_lonely_mermaid,
          nicolae_spider_entry_non_spiders, nicolae_volcano_entry_two_sided
Lair:3:   layout_chaotic_city, lemuel_fruit_fields
Lair:4:   layout_cave_pods, grunt_megastairs_1, serial_bayou_shore_a
Lair:5:   due_jungle_book, layout_gridlike, minmay_slime_entry_oklob_enclosed
Orc:1:    layout_diamond_mine, nicolae_shop_firing_range
Orc:2:    st_orc_elflike, layout_diamond_mine, gammafunk_ghost_fury_of_okawaru,
          uniq_saint_roka

Notes
Turn   | Place    | Note
-------+----------+-------------------------------------------
     0 | D:1      | Sobieck the Troll Fighter began the quest for the Orb.
     0 | D:1      | Reached XP level 1. HP: 22/22 MP: 0/0
   147 | D:1      | Reached XP level 2. HP: 29/29 MP: 1/1
   702 | D:1      | You pick up a book of Debilitation and begin reading...
   702 | D:1      | You add the spells Slow, Vampiric Draining and Confusing
                  | Touch to your library.
   907 | D:2      | Reached skill level 3 in Shields
  1047 | D:2      | Reached XP level 3. HP: 36/36 MP: 2/2
  1365 | D:3      | Reached skill level 3 in Unarmed Combat
  1408 | D:3      | Found an opulent altar of Gozag.
  1410 | D:3      | You pick up a book of Cantrips and begin reading...
  1410 | D:3      | You add the spells Necrotise, Summon Small Mammal and
                  | Apportation to your library.
  1794 | D:4      | Found a staircase to the Ecumenical Temple.
  1797 | D:4      | Noticed a black bear
  1815 | D:4      | Killed a black bear
  1816 | D:4      | Reached skill level 3 in Fighting
  1816 | D:4      | Reached skill level 1 in Throwing
  1816 | D:4      | Reached XP level 4. HP: 41/45 MP: 3/3
  1816 | D:4      | Reached XP level 5. HP: 48/53 MP: 4/4
  1847 | Temple   | Entered the Ecumenical Temple
  1957 | Temple   | Became a worshipper of the Wu Jian Council
  1995 | D:4      | You pick up a book of Party Tricks and begin reading...
  2025 | D:4      | Reached skill level 4 in Unarmed Combat
  2096 | D:4      | Reached skill level 2 in Throwing
  2096 | D:4      | Reached XP level 6. HP: 59/61 MP: 5/5
  2708 | D:4      | Found an iron altar of Okawaru.
  2891 | D:5      | Entered Level 5 of the Dungeon
  2949 | D:5      | Found a stormy altar of Qazlal.
  2949 | D:5      | Noticed an air elemental
  2952 | D:5      | Noticed a water elemental
  2952 | D:5      | Noticed a fire elemental
  3101 | D:5      | Reached skill level 5 in Unarmed Combat
  3123 | D:5      | Reached skill level 4 in Shields
  3227 | D:5      | Reached XP level 7. HP: 66/68 MP: 6/6
  3529 | D:5      | Reached * piety under Wu Jian
  3540 | D:6      | Found a sand-covered staircase.
  3544 | D:6      | Reached skill level 4 in Fighting
  3553 | Ossuary  | Entered an ossuary
  3589 | Ossuary  | Reached skill level 6 in Unarmed Combat
  3780 | Ossuary  | Identified a scroll of acquirement
  3780 | Ossuary  | Acquired the +0 hat of Vijiss {Str+4}
  4039 | D:6      | Noticed Maggie
  4059 | D:6      | Killed Maggie
  4060 | D:6      | Reached skill level 5 in Shields
  4060 | D:6      | Reached skill level 7 in Unarmed Combat
  4060 | D:6      | Reached XP level 8. HP: 24/79 MP: 7/7
  4233 | D:6      | Found a hazy altar of Hepliaklqana.
  4442 | D:6      | Found Maes's Distillery.
  4486 | D:6      | Found a shimmering blue altar of Sif Muna.
  4590 | D:6      | Reached skill level 5 in Fighting
  4592 | D:6      | Identified the +6 trident of Immorality {holy, rPois MP-9
                  | Dex+8 Stlth-}
  5005 | D:7      | Noticed Menkaure
  5010 | D:7      | Killed Menkaure
  5061 | D:7      | Reached skill level 8 in Unarmed Combat
  5080 | D:7      | Noticed Joseph
  5092 | D:7      | Killed Joseph
  5093 | D:7      | Reached XP level 9. HP: 70/88 MP: 8/8
  5184 | D:6      | Bought a potion of experience for 550 gold pieces
  5184 | D:6      | Reached skill level 7 in Fighting
  5184 | D:6      | Reached skill level 8 in Shields
  5184 | D:6      | Reached skill level 11 in Unarmed Combat
  5184 | D:6      | Reached XP level 10. HP: 102/102 MP: 9/9
  5324 | D:7      | Found a sacrificial altar of Ru.
  5346 | D:7      | Found a basalt altar of Yredelemnul.
  5418 | D:7      | Reached ** piety under Wu Jian
  5513 | D:7      | Noticed Dowan
  5520 | D:7      | Noticed Duvessa
  5524 | D:7      | Killed Duvessa
  5532 | D:7      | Killed Dowan
  5868 | D:7      | an orc comes into view. It is wielding the +8 trident of
                  | the Octopus King {venom, rElec rPois}.
  6142 | D:8      | Reached skill level 1 in Armour
  6175 | D:8      | You pick up a book of the Senses and begin reading...
  6175 | D:8      | You add the spells Dazzling Flash, Agony and Silence to
                  | your library.
  6205 | D:8      | Noticed a two-headed ogre
  6224 | D:8      | Killed a two-headed ogre
  6225 | D:8      | Reached skill level 12 in Unarmed Combat
  6225 | D:8      | Reached skill level 1 in Evocations
  6911 | D:9      | Reached skill level 3 in Dodging
  7279 | D:9      | Noticed Erolcha
  7300 | D:9      | Killed Erolcha
  7333 | D:9      | Found a radiant altar of Vehumet.
  7374 | D:9      | Found a hide-covered altar of Uskayaw.
  7475 | D:9      | Noticed Grum
  7506 | D:9      | Killed Grum
  7507 | D:9      | Reached *** piety under Wu Jian
  7508 | D:9      | Reached skill level 2 in Armour
  7927 | D:10     | Entered Level 10 of the Dungeon
  7932 | D:10     | Reached XP level 11. HP: 110/110 MP: 10/10
  7970 | D:10     | You add the spells Ozocubu's Armour, Summon Ice Beast,
                  | Freezing Cloud and Ozocubu's Refrigeration to your library.
  7970 | D:10     | Got Ewomney's Collected Works on Icy Interference
  8040 | D:10     | Found Ucrecwu's Antique Weapon Emporium.
  8169 | D:6      | Bought a potion of cancellation for 88 gold pieces
  8258 | D:10     | Found a staircase to the Orcish Mines.
  8277 | D:9      | Reached skill level 2 in Evocations
  8573 | D:10     | Found a shadowy altar of Dithmenos.
  8623 | D:10     | You pick up a book of Frost and begin reading...
  8623 | D:10     | You add the spells Freeze, Frozen Ramparts and Hailstorm to
                  | your library.
  8899 | D:11     | Reached skill level 8 in Fighting
  8958 | D:11     | Reached **** piety under Wu Jian
  9038 | D:11     | Reached skill level 4 in Dodging
  9117 | D:11     | Reached skill level 3 in Armour
  9152 | D:11     | Reached skill level 13 in Unarmed Combat
  9388 | D:11     | Noticed a death yak
  9389 | D:11     | Reached skill level 9 in Shields
  9390 | D:11     | Found a staircase to the Lair.
  9405 | D:11     | Killed a death yak
  9749 | D:12     | Noticed a two-headed ogre
  9749 | D:12     | Noticed a centaur warrior
  9839 | D:11     | Killed a two-headed ogre
  9846 | D:12     | Killed a centaur warrior
  9888 | D:12     | Reached XP level 12. HP: 86/122 MP: 11/11
  9938 | D:12     | Noticed Lodul
 10159 | D:12     | Killed Lodul
 10272 | D:12     | Reached skill level 14 in Unarmed Combat
 10663 | D:13     | Noticed a centaur warrior
 10665 | D:13     | Killed a centaur warrior
 10666 | D:13     | Reached skill level 9 in Fighting
 10901 | Lair:1   | Entered Level 1 of the Lair of Beasts
 10997 | Lair:1   | Noticed a boulder beetle
 11013 | Lair:1   | Killed a boulder beetle
 11014 | Lair:1   | Reached skill level 10 in Shields
 11594 | Lair:2   | You pick up a book of Storms and begin reading...
 11594 | Lair:2   | You add the spells Airstrike, Summon Lightning Spire and
                  | Plasma Beam to your library.
 11712 | Lair:2   | Reached skill level 15 in Unarmed Combat
 11724 | Lair:2   | Reached ***** piety under Wu Jian
 11747 | Lair:2   | Found a staircase to the Shoals.
 11756 | Lair:2   | Found a hole to the Spider Nest.
 11864 | Lair:2   | Noticed a five-headed hydra
 11893 | Lair:2   | Killed a nine-headed hydra
 11967 | Lair:2   | Reached XP level 13. HP: 129/130 MP: 12/12
 12036 | Lair:2   | Identified the staff of earth "Areid" {rN+}
 12896 | Lair:3   | You pick up a book of the Hunter and begin reading...
 12896 | Lair:3   | You add the spells Call Canine Familiar, Portal Projectile
                  | and Leda's Liquefaction to your library.
 12943 | Lair:3   | Reached skill level 10 in Fighting
 13263 | Lair:4   | Reached skill level 16 in Unarmed Combat
 13587 | Lair:4   | Reached skill level 11 in Shields
 13657 | Lair:4   | You pick up a book of Necromancy and begin reading...
 14119 | Lair:5   | Entered Level 5 of the Lair of Beasts
 14426 | Lair:5   | You pick up a book of Blasting and begin reading...
 14426 | Lair:5   | You add the spells Kindle Blastsparks, Fulminant Prism,
                  | Iskenderun's Mystic Blast and Lee's Rapid Deconstruction to
                  | your library.
 14590 | Lair:5   | Found a viscous altar of Jiyva.
 14762 | Lair:5   | Noticed a dire elephant
 14762 | Lair:5   | Noticed a dire elephant
 14762 | Lair:5   | Noticed a dire elephant
 14762 | Lair:5   | Noticed a dire elephant
 14772 | Lair:5   | Noticed a dire elephant
 14788 | Lair:5   | Killed a dire elephant
 14789 | Lair:5   | Reached XP level 14. HP: 80/144 MP: 13/13
 14839 | Lair:3   | Upgraded the game from 0.30-a0-924-g0ad0bf95bc to
                  | 0.30-a0-930-gb9d0489357
 14976 | D:13     | Reached skill level 17 in Unarmed Combat
 15178 | D:13     | Found a gate to the Vaults.
 15205 | D:13     | You add the spells Blink, Manifold Assault and Storm Form
                  | to your library.
 15222 | D:13     | You pick up a book of Displacement and begin reading...
 15222 | D:13     | You add the spells Lesser Beckoning, Gell's Gravitas and
                  | Teleport Other to your library.
 15349 | D:14     | Acquired 364 gold pieces
 15552 | D:14     | HP: 23/144 [tengu warrior/+0 great sword (17)]
 15554 | D:14     | HP: 11/144 [tengu warrior/+0 great sword (12)]
 15554 | D:14     | HP: 5/144 [tengu warrior/+0 great sword (1)]
 15594 | D:14     | Noticed Frances
 15612 | D:14     | Killed Frances
 15790 | D:14     | Reached ****** piety under Wu Jian
 15964 | D:14     | You pick up a book of Ice and begin reading...
 15964 | D:14     | You add the spells Simulacrum and Polar Vortex to your
                  | library.
 16148 | D:15     | Entered Level 15 of the Dungeon
 16156 | D:15     | Reached skill level 11 in Fighting
 16210 | D:15     | Reached skill level 12 in Shields
 16882 | D:15     | You pick up a book of Cantrips and begin reading...
 16924 | D:15     | Reached skill level 18 in Unarmed Combat
 16929 | D:15     | HP: 19/146 [wolf spider simulacrum[a necromancer] (22)]
 17101 | D:15     | Found a staircase to the Depths.
 17337 | Orc:1    | Entered Level 1 of the Orcish Mines
 17571 | Orc:1    | Found Dyof's Firing Range.
 17893 | Orc:2    | Entered Level 2 of the Orcish Mines
 18121 | Orc:2    | Found a runed translucent gate.
 18123 | Orc:2    | Found a runed translucent gate.
 18123 | Orc:2    | Found a runed translucent gate.
 18135 | Orc:2    | Noticed BigDaddyOpFi's ghost (journeyman AtFi)
 18140 | Orc:2    | Found an iron altar of Okawaru.
 18181 | Orc:2    | Noticed Saint Roka
 18193 | Orc:2    | HP: 35/146 [Saint Roka/+3 battleaxe of venom (11)]
 18195 | Orc:2    | HP: 14/146 [poisoned by Saint Roka]
 18197 | Orc:2    | HP: 3/146 [poisoned by Saint Roka]
 18198 | Orc:2    | Succumbed to Saint Roka's poison

Vanquished Creatures
  Frances (D:14)
  A dire elephant (Lair:5)
  An ettin (Orc:1)
  A fire dragon (D:14)
  Erolcha (D:9)
  4 hydras
  2 centaur warriors
  A boulder beetle (Lair:1)
  2 two-headed ogres
  5 death yaks
  4 tengu warriors
  5 skeletal warriors
  2 skysharks (Lair:2)
  Lodul (D:12)
  3 wizards (D:15)
  3 orc knights
  A necromancer (D:15)
  3 orc sorcerers
  2 deep elf pyromancers
  A deep elf zephyrmancer (D:15)
  4 ugly things
  4 manticores
  5 cyclopes
  5 elephants
  Joseph (D:7)
  5 black mambas
  A merfolk siren (Lair:2)
  3 unseen horrors (D:11)
  3 centaur skeletons (D:13)
  10 cane toads
  Maggie (D:6)
  2 rime drakes (Lair:5)
  5 komodo dragons
  A freezing wraith (D:15)
  A tengu conjurer (D:13)
  3 meliai (D:14)
  6 trolls
  A wolf spider simulacrum (D:15)
  A polar bear (Lair:3)
  7 blink frogs
  18 dream sheep
  A vampire (D:13)
  A shadow (D:11)
  2 wraiths
  9 slime creatures (D:14)
  5 wyverns
  A fire elemental (D:14)
  29 yaks
  3 basilisks
  Grum (D:9)
  A human (shapeshifter) (D:13)
  A steam dragon (D:8)
  2 wargs
  Menkaure (D:7)
  4 acid dragons
  13 water moccasins
  Duvessa (D:7)
  A meliai simulacrum (D:14)
  18 orc warriors
  4 black bears
  22 ogres
  A boggart (D:13)
  3 wolves (D:9)
  18 centaurs
  7 kobold brigands
  6 bullfrogs
  A gnoll sergeant (D:9)
  6 scorpions
  18 wights
  Dowan (D:7)
  7 killer bees
  2 lava snakes
  4 jellies
  9 orc priests
  5 hounds
  6 orc wizards
  A boggart zombie (D:15)
  10 hell rats (Lair:2)
  2 boggart skeletons
  8 mummies (Ossuary)
  12 gnolls
  5 adders
  3 white imps
  2 ufetubi
  2 worms
  40 orcs
  5 ball pythons
  6 endoplasms
  5 giant cockroaches
  A gnoll zombie (Ossuary)
  9 goblins
  10 hobgoblins
  4 jackals (D:2)
  2 quokkas
  3 training dummies (Orc:1)
  4 bats
  2 frilled lizards
  A hobgoblin zombie (Ossuary)
  10 kobolds
  A kobold zombie (Ossuary)
  5 orc zombies (Ossuary)
  3 rats
501 creatures vanquished.

Vanquished Creatures (others)
  9 fungi
  10 plants
  2 withered plants (Lair:5)
21 creatures vanquished.

Grand Total: 522 creatures vanquished

Table legend:
 A = Non-vault XP
 B = Vault XP
 C = Vault XP percentage of total XP
 D = Non-vault monster count
 E = Vault monster count
 F = Vault count percentage of total count
                 A         B        C        D         E       F
            +---------+---------+-------+---------+---------+-------
      Total |   73412 |   21238 |  22.4 |     384 |     117 |  23.4
            +---------+---------+-------+---------+---------+-------
        D:1 |      26 |       0 |   0.0 |      17 |       0 |   0.0
        D:2 |      28 |       0 |   0.0 |      16 |       0 |   0.0
        D:3 |      29 |       6 |  17.1 |       8 |       3 |  27.3
        D:4 |     481 |      25 |   4.9 |      18 |       6 |  25.0
        D:5 |     394 |       0 |   0.0 |      17 |       0 |   0.0
        D:6 |     652 |     395 |  37.7 |      11 |       1 |   8.3
        D:7 |     545 |     841 |  60.7 |      12 |       4 |  25.0
        D:8 |    2113 |       0 |   0.0 |      18 |       0 |   0.0
        D:9 |    1022 |    2864 |  73.7 |      15 |      19 |  55.9
       D:10 |    1386 |     384 |  21.7 |      12 |       6 |  33.3
       D:11 |    4407 |    1617 |  26.8 |      14 |       4 |  22.2
       D:12 |    2239 |    1697 |  43.1 |      12 |       9 |  42.9
       D:13 |    3038 |    4469 |  59.5 |       9 |      20 |  69.0
       D:14 |   12503 |    1528 |  10.9 |      30 |       1 |   3.2
       D:15 |    4599 |    3607 |  44.0 |       9 |       8 |  47.1
     Lair:1 |    1183 |       0 |   0.0 |       4 |       0 |   0.0
     Lair:2 |    8396 |     782 |   8.5 |      34 |       9 |  20.9
     Lair:3 |    8352 |       0 |   0.0 |      29 |       0 |   0.0
     Lair:4 |    4457 |     350 |   7.3 |      18 |       1 |   5.3
     Lair:5 |   11778 |    1507 |  11.3 |      38 |       2 |   5.0
      Orc:1 |    3704 |       6 |   0.2 |      22 |       3 |  12.0
      Orc:2 |    2080 |    1007 |  32.6 |      21 |       5 |  19.2
    Ossuary |       0 |     153 | 100.0 |       0 |      16 | 100.0
            +---------+---------+-------+---------+---------+-------

Illustrated notes

Table legend:
 A = Kills in this place as a percentage of kills in the entire game.
 B = Kills by you in this place as a percentage of kills by you in the entire game.
 C = Kills by friends in this place as a percentage of kills by friends in the entire game.
 D = Other kills in this place as a percentage of other kills in the entire game.
 E = Experience gained in this place as a percentage of experience gained in the entire game.
 F = Experience gained in this place divided by the number of levels of this place that you have seen.
                   A       B       C       D       E      F
               +-------+-------+-------+-------+-------+----------------------
         Total | 100.0 | 100.0 |   N/A |   N/A | 100.0 | 3943.8
       Dungeon |  59.7 |  59.7 |   N/A |   N/A |  53.8 | 3393.0
          Lair |  26.9 |  26.9 |   N/A |   N/A |  38.9 | 7361.0
  Orcish Mines |  10.2 |  10.2 |   N/A |   N/A |   7.2 | 3398.5
       Ossuary |   3.2 |   3.2 |   N/A |   N/A |   0.2 | 153.0
               +-------+-------+-------+-------+-------+----------------------

Table legend: (Time is in decaauts)
 A = Elapsed time spent in this place.
 B = Non-inter-level travel time spent in this place.
 C = Inter-level travel time spent in this place.
 D = Time resting spent in this place.
 E = Time spent auto-exploring this place.
 F = Levels seen in this place.
 G = Mean time per level.
                   A        B        C        D        E       F      G
               +--------+--------+--------+--------+--------+-----+--------+
         Total |  18203 |  16984 |   1219 |   1164 |  12201 |  24 |  758.5 |
       Dungeon |  12931 |  12023 |    908 |    963 |   8610 |  15 |  862.1 |
        Temple |    136 |     98 |     38 |      0 |     87 |   1 |  136.0 |
          Lair |   4018 |   3793 |    225 |    128 |   2958 |   5 |  803.6 |
  Orcish Mines |    852 |    806 |     46 |     50 |    545 |   2 |  426.0 |
       Ossuary |    265 |    265 |      0 |     23 |      1 |   1 |  265.0 |
               +--------+--------+--------+--------+--------+-----+--------+

Top non-repeatable levels by time:
     D:9: 1282 daAuts
    D:14: 1229 daAuts
     D:6: 1075 daAuts
     D:8: 1032 daAuts
     D:4: 1014 daAuts
     D:7: 948 daAuts
    D:13: 948 daAuts
    D:11: 938 daAuts
  Lair:4: 932 daAuts
  Lair:2: 931 daAuts
     D:1: 878 daAuts
     D:5: 805 daAuts
  Lair:3: 798 daAuts
    D:15: 725 daAuts
  Lair:5: 709 daAuts
